| TOP OF THE 1ST |
|
Cedar Rapids Kernels batting - Pitching for Greenville Drive : RHP Gabe Torres
|
|
Pitching: RHP Gabe Torres
|
|
|
Batting: RHB Mike Craver
|
0-0: Fly out, F8 (Flyball, 8RD, EV 94.4 MPH)
|
|
Batting: RHB Sean Gould
|
0-0: Swinging Strike 0-1: Foul Ball, location: 2F 0-2: Ball 1-2: Ball 2-2: Ground out 6-3 (Groundball, 6, EV 101.2 MPH)
|
|
Batting: SHB Dan Morataya
|
0-0: Fly out, F9 (Flyball, 89S, EV 91.9 MPH)
|
| Top of the 1st over - 0 runs, 0 hits, 0 errors, 0 left on base; Cedar Rapids 0 - Greenville 0 |
| BOTTOM OF THE 1ST |
|
Greenville Drive batting - Pitching for Cedar Rapids Kernels : RHP Matt Springer
|
|
Pitching: RHP Matt Springer
|
|
|
Batting: LHB Nelis Geurts
|
0-0: TRIPLE (Flyball, 78XD, EV 95.6 MPH)
|
|
Batting: RHB Larry Brocato
|
0-0: Ball 1-0: Called Strike 1-1: Ball 2-1: Foul Ball, location: 2F 2-2: Ball 3-2: Ground out 5-3 (Groundball, 56, EV 89.4 MPH) Nelis Geurts scores
|
|
Batting: LHB John Criswell
|
0-0: Swinging Strike 0-1: Called Strike 0-2: Ball 1-2: Foul Ball, location: 2F 1-2: Strikes out swinging, 2-3 out at first.
|
|
Batting: SHB Greg Shaw
|
0-0: Called Strike 0-1: Foul Ball, location: 2F 0-2: Foul Ball, location: 2F 0-2: Ball 1-2: Foul Ball, location: 2F 1-2: Foul Ball, location: 2F 1-2: Ball 2-2: Foul Ball, location: 2F 2-2: Foul Ball, location: 2F 2-2: Fly out, F8 (Flyball, 8LS, EV 95.0 MPH)
|
| Bottom of the 1st over - 1 run, 1 hit, 0 errors, 0 left on base; Cedar Rapids 0 - Greenville 1 |
| TOP OF THE 2ND |
|
Cedar Rapids Kernels batting - Pitching for Greenville Drive : RHP Gabe Torres
|
|
Batting: SHB Matt Urbani
|
0-0: Ball 1-0: Foul Ball, location: 2F 1-1: SOLO HOME RUN (Flyball, 9D, EV 108.1 MPH), Distance : 393 ft
|
|
Batting: LHB David Campbell
|
0-0: Ground out 5-3 (Groundball, 56S, EV 71.9 MPH)
|
|
Batting: RHB Ryan Gautney
|
0-0: Called Strike 0-1: Fly out, F6 (Line Drive, 6M, EV 70.0 MPH)
|
|
Batting: LHB Chris Munguia
|
0-0: Called Strike 0-1: Ball 1-1: Ball 2-1: Swinging Strike 2-2: Strikes out looking
|
| Top of the 2nd over - 1 run, 1 hit, 0 errors, 0 left on base; Cedar Rapids 1 - Greenville 1 |
| BOTTOM OF THE 2ND |
|
Greenville Drive batting - Pitching for Cedar Rapids Kernels : RHP Matt Springer
|
|
Batting: RHB Andy Garvin
|
0-0: Ball 1-0: Ball 2-0: Called Strike 2-1: Swinging Strike 2-2: Foul Ball, location: 2F 2-2: Foul Ball, location: 2F 2-2: Strikes out swinging
|
|
Batting: RHB Nick Spiller
|
0-0: Swinging Strike 0-1: Called Strike 0-2: Ground out 6-3 (Groundball, 6, EV 86.2 MPH)
|
|
Batting: RHB Joel Vazquez
|
0-0: Ball 1-0: Ball 2-0: Called Strike 2-1: Foul Ball, location: 2F 2-2: Ball 3-2: Base on Balls
|
|
Batting: RHB Bobby Schimke
|
0-0: Swinging Strike 0-1: Swinging Strike 0-2: Ball 1-2: Ball 2-2: Foul Ball, location: 2F Balk! Joel Vazquez to second 2-2: Ground out 6-3 (Groundball, 6, EV 100.0 MPH)
|
| Bottom of the 2nd over - 0 runs, 0 hits, 0 errors, 1 left on base; Cedar Rapids 1 - Greenville 1 |
| TOP OF THE 3RD |
|
Cedar Rapids Kernels batting - Pitching for Greenville Drive : RHP Gabe Torres
|
|
Batting: RHB Tony Crespo
|
0-0: Called Strike 0-1: Ball 1-1: Called Strike 1-2: Strikes out swinging
|
|
Batting: LHB Bill Young
|
0-0: SINGLE (Groundball, 34D, EV 96.9 MPH)
|
|
Batting: RHB Mike Craver
|
0-0: Ball 1-0: Ball 2-0: Ball 3-0: Called Strike 3-1: Base on Balls Bill Young to second
|
|
Batting: RHB Sean Gould
|
0-0: Ball 1-0: Ball 2-0: Swinging Strike 2-1: Ball 3-1: Foul Ball, location: 2F 3-2: Strikes out swinging
|
|
Batting: SHB Dan Morataya
|
0-0: Ball 1-0: Ball 2-0: Foul Ball, location: 2F 2-1: Ball 3-1: 3-RUN HOME RUN (Flyball, 9LD, EV 104.4 MPH), Distance : 381 ft
|
|
Batting: SHB Matt Urbani
|
0-0: Called Strike 0-1: Ball 1-1: Called Strike 1-2: Ground out U3 (Groundball, 3, EV 78.8 MPH)
|
| Top of the 3rd over - 3 runs, 2 hits, 0 errors, 0 left on base; Cedar Rapids 4 - Greenville 1 |
| BOTTOM OF THE 3RD |
|
Greenville Drive batting - Pitching for Cedar Rapids Kernels : RHP Matt Springer
|
|
Batting: RHB Ted Emmerich
|
0-0: Ball 1-0: Called Strike 1-1: Ball 2-1: Called Strike 2-2: Strikes out swinging
|
|
Batting: LHB Nelis Geurts
|
0-0: Ball 1-0: Called Strike 1-1: Ball 2-1: Foul Ball, location: 2F 2-2: SINGLE (Groundball, 6, EV 94.4 MPH)
|
|
Batting: RHB Larry Brocato
|
0-0: Called Strike 0-1: SINGLE (Groundball, 34D, EV 95.0 MPH) Nelis Geurts to second Runner from 2nd tries for 3rd, SAFE, throw by RF made to third Larry Brocato to second
|
|
Batting: LHB John Criswell
|
0-0: Called Strike 0-1: Ball 1-1: Ball 2-1: Swinging Strike 2-2: Ball 3-2: Foul Ball, location: 2F 3-2: Base on Balls
|
|
Batting: SHB Greg Shaw
|
0-0: DOUBLE (Line Drive, 78M, EV 108.1 MPH) Nelis Geurts scores Larry Brocato scores John Criswell to third Runner from 3rd tries for Home, throw by CF and OUT! 8-2
|
|
Batting: RHB Andy Garvin
|
0-0: Called Strike 0-1: Ball 1-1: Foul Ball, location: 2F 1-2: Ground out 6-3 (Groundball, 6, EV 105.6 MPH)
|
| Bottom of the 3rd over - 2 runs, 3 hits, 0 errors, 1 left on base; Cedar Rapids 4 - Greenville 3 |
| TOP OF THE 4TH |
|
Cedar Rapids Kernels batting - Pitching for Greenville Drive : RHP Gabe Torres
|
|
Batting: LHB David Campbell
|
0-0: Ball 1-0: Ball 2-0: Swinging Strike 2-1: Ball 3-1: Called Strike 3-2: Strikes out looking
|
|
Batting: RHB Ryan Gautney
|
0-0: Ground out 4-3 (Groundball, 4, EV 82.5 MPH)
|
|
Batting: LHB Chris Munguia
|
0-0: Ground out 1-3 (Groundball, 23, EV 67.5 MPH)
|
| Top of the 4th over - 0 runs, 0 hits, 0 errors, 0 left on base; Cedar Rapids 4 - Greenville 3 |
| BOTTOM OF THE 4TH |
|
Greenville Drive batting - Pitching for Cedar Rapids Kernels : RHP Matt Springer
|
|
Batting: RHB Nick Spiller
|
0-0: Ball 1-0: Ball 2-0: Called Strike 2-1: Called Strike 2-2: Foul Ball, location: 2F 2-2: Fly out, F8 (Flyball, 78D, EV 86.9 MPH)
|
|
Batting: RHB Joel Vazquez
|
0-0: Ground out 4-3 (Groundball, 4, EV 82.5 MPH)
|
|
Batting: RHB Bobby Schimke
|
0-0: Ball 1-0: Called Strike 1-1: Swinging Strike 1-2: Ball 2-2: Ball 3-2: Ground out U3 (Groundball, 3, EV 86.2 MPH)
|
| Bottom of the 4th over - 0 runs, 0 hits, 0 errors, 0 left on base; Cedar Rapids 4 - Greenville 3 |
| TOP OF THE 5TH |
|
Cedar Rapids Kernels batting - Pitching for Greenville Drive : RHP Gabe Torres
|
|
Batting: RHB Tony Crespo
|
0-0: Swinging Strike 0-1: Ball 1-1: Ground out 6-3 (Groundball, 6, EV 93.8 MPH)
|
|
Batting: LHB Bill Young
|
0-0: Ball 1-0: Ball 2-0: Ball 3-0: Base on Balls
|
|
Batting: RHB Mike Craver
|
0-0: Ball 1-0: Called Strike 1-1: Fielders Choice at 2nd, 4-6 (Groundball, 4, EV 88.8 MPH)
|
|
Batting: RHB Sean Gould
|
0-0: Ball Mike Craver is caught stealing 2nd base 2-4
|
| Top of the 5th over - 0 runs, 0 hits, 0 errors, 0 left on base; Cedar Rapids 4 - Greenville 3 |
| BOTTOM OF THE 5TH |
|
Greenville Drive batting - Pitching for Cedar Rapids Kernels : RHP Matt Springer
|
|
Batting: RHB Ted Emmerich
|
0-0: Foul Ball, location: 2F 0-1: Foul Ball, location: 2F 0-2: Foul Ball, location: 2F 0-2: Ball 1-2: Strikes out swinging
|
|
Batting: LHB Nelis Geurts
|
0-0: Swinging Strike 0-1: Ball 1-1: Ball 2-1: DOUBLE (Line Drive, 7LM, EV 87.5 MPH)
|
|
Batting: RHB Larry Brocato
|
0-0: Ball 1-0: Ball 2-0: Called Strike 2-1: Foul Ball, location: 2F 2-2: Foul Ball, location: 2F 2-2: Ball 3-2: Base on Balls
|
|
Pitching: LHP Josh Armstrong
|
|
|
Pinch Hitting: RHB Mike Batko
|
0-0: Foul Ball, location: 2F 0-1: Ball 1-1: Called Strike 1-2: Ball 2-2: Ball 3-2: Foul Ball, location: 2F 3-2: Strikes out looking
|
|
Batting: SHB Greg Shaw
|
0-0: Called Strike 0-1: Ball 1-1: Fly out, F4 (Popup, 4, EV 71.2 MPH)
|
| Bottom of the 5th over - 0 runs, 1 hit, 0 errors, 2 left on base; Cedar Rapids 4 - Greenville 3 |
| TOP OF THE 6TH |
|
Cedar Rapids Kernels batting - Pitching for Greenville Drive : RHP Gabe Torres
|
|
Now in RF: Victor Orozco
|
|
|
Batting: RHB Sean Gould
|
0-0: SINGLE (Groundball, 5L, EV 105.0 MPH) (infield hit)
|
|
Batting: SHB Dan Morataya
|
0-0: Swinging Strike 0-1: Ball 1-1: Ball 2-1: Ball 3-1: Base on Balls Sean Gould to second
|
|
Batting: SHB Matt Urbani
|
0-0: Foul Ball, location: 2F 0-1: Called Strike 0-2: Strikes out swinging
|
|
Pitching: LHP Fernando Mendoza
|
|
|
Batting: LHB David Campbell
|
0-0: Swinging Strike 0-1: Ball 1-1: Reached on error, E3 (Groundball, 34, EV 108.1 MPH) Sean Gould to third Dan Morataya to second
|
|
Batting: RHB Ryan Gautney
|
0-0: Called Strike 0-1: Ball 1-1: Ball 2-1: Foul Ball, location: 2F 2-2: Fly out, F7 (Flyball, 7S, EV 90.0 MPH)
|
|
Batting: LHB Chris Munguia
|
0-0: Foul Ball, location: 2F 0-1: Ball 1-1: Swinging Strike 1-2: Strikes out looking
|
| Top of the 6th over - 0 runs, 1 hit, 1 error, 3 left on base; Cedar Rapids 4 - Greenville 3 |
| BOTTOM OF THE 6TH |
|
Greenville Drive batting - Pitching for Cedar Rapids Kernels : LHP Josh Armstrong
|
|
Batting: RHB Andy Garvin
|
0-0: Ball 1-0: Ball 2-0: Swinging Strike 2-1: Called Strike 2-2: Foul Ball, location: 2F 2-2: Foul Ball, location: 2F 2-2: Foul Ball, location: 2F 2-2: Foul Ball, location: 2F 2-2: Strikes out swinging
|
|
Batting: RHB Nick Spiller
|
0-0: Ball 1-0: Called Strike 1-1: Swinging Strike 1-2: Ball 2-2: Strikes out looking
|
|
Batting: RHB Joel Vazquez
|
0-0: Called Strike 0-1: SINGLE (Line Drive, 4D, EV 101.9 MPH)
|
|
Pinch Runner at 1st Rogelio Cervantes:
|
|
|
Batting: RHB Bobby Schimke
|
0-0: Called Strike Rogelio Cervantes steals 2nd base (no throw) 0-1: Ground out 5-3 (Groundball, 56, EV 101.2 MPH)
|
| Bottom of the 6th over - 0 runs, 1 hit, 0 errors, 1 left on base; Cedar Rapids 4 - Greenville 3 |
| TOP OF THE 7TH |
|
Cedar Rapids Kernels batting - Pitching for Greenville Drive : LHP Fernando Mendoza
|
|
Pitching: RHP Cale Morris
|
|
|
Now at 3B: Bobby Schimke
|
|
|
Now at SS: Rogelio Cervantes
|
|
|
Batting: RHB Tony Crespo
|
0-0: Ball 1-0: Called Strike 1-1: Swinging Strike 1-2: Ball 2-2: Ball 3-2: Foul Ball, location: 2F 3-2: Strikes out looking
|
|
Batting: LHB Bill Young
|
0-0: Called Strike 0-1: Foul Ball, location: 2F 0-2: Ball 1-2: Strikes out swinging
|
|
Batting: RHB Mike Craver
|
0-0: Foul Ball, location: 2F 0-1: Foul Ball, location: 2F 0-2: Foul Ball, location: 2F 0-2: Strikes out looking
|
| Top of the 7th over - 0 runs, 0 hits, 0 errors, 0 left on base; Cedar Rapids 4 - Greenville 3 |
| BOTTOM OF THE 7TH |
|
Greenville Drive batting - Pitching for Cedar Rapids Kernels : LHP Josh Armstrong
|
|
Pitching: LHP Kevin Drew
|
|
|
Batting: RHB Ted Emmerich
|
0-0: Called Strike 0-1: Ball 1-1: Called Strike 1-2: SINGLE (Groundball, 6MD, EV 101.9 MPH)
|
|
Batting: LHB Nelis Geurts
|
0-0: Ball 1-0: Ball 2-0: Bunt missed! 2-1: Sac Bunt to 25 - play at first, batter OUT! 5-3 Ted Emmerich to second
|
|
Batting: RHB Larry Brocato
|
0-0: Ball 1-0: Foul Ball, location: 2F 1-1: Called Strike 1-2: Strikes out swinging
|
|
Pinch Hitting: SHB Carter Cromsie
|
0-0: Called Strike 0-1: Ball 1-1: Ground out U3 (Groundball, 34, EV 100.6 MPH)
|
| Bottom of the 7th over - 0 runs, 1 hit, 0 errors, 1 left on base; Cedar Rapids 4 - Greenville 3 |
| TOP OF THE 8TH |
|
Cedar Rapids Kernels batting - Pitching for Greenville Drive : RHP Cale Morris
|
|
Pitching: LHP Kentaro Shimasaki
|
|
|
Now in RF: Carter Cromsie
|
|
|
Batting: RHB Sean Gould
|
0-0: Swinging Strike 0-1: Ball 1-1: Ball 2-1: Swinging Strike 2-2: Foul Ball, location: 2F 2-2: Ball 3-2: Ground out 4-3 (Groundball, 4, EV 102.5 MPH)
|
|
Batting: SHB Dan Morataya
|
0-0: Ball 1-0: Ball 2-0: Foul Ball, location: 2F 2-1: Foul Ball, location: 2F 2-2: Ball 3-2: Ground out 5-3 (Groundball, 56, EV 98.8 MPH)
|
|
Batting: SHB Matt Urbani
|
0-0: Ball 1-0: Foul Ball, location: 2F 1-1: SINGLE (Groundball, 6MD, EV 111.9 MPH)
|
|
Batting: LHB David Campbell
|
0-0: Ball Matt Urbani is caught stealing 2nd base 2-6
|
| Top of the 8th over - 0 runs, 1 hit, 0 errors, 0 left on base; Cedar Rapids 4 - Greenville 3 |
| BOTTOM OF THE 8TH |
|
Greenville Drive batting - Pitching for Cedar Rapids Kernels : LHP Kevin Drew
|
|
Batting: SHB Greg Shaw
|
0-0: Swinging Strike 0-1: Ground out 6-3 (Groundball, 6M, EV 83.8 MPH)
|
|
Batting: RHB Andy Garvin
|
0-0: Ball 1-0: Called Strike 1-1: Called Strike 1-2: Ball 2-2: Ball 3-2: Base on Balls
|
|
Batting: RHB Nick Spiller
|
0-0: Called Strike 0-1: Called Strike 0-2: Ball 1-2: Ball 2-2: Foul Ball, location: 2F 2-2: Ball 3-2: Foul Ball, location: 2F 3-2: Base on Balls Andy Garvin to second
|
|
Batting: RHB Rogelio Cervantes
|
0-0: Swinging Strike 0-1: Ball 1-1: Fielders Choice at 2nd, 6-4 (Groundball, 6, EV 98.8 MPH) Andy Garvin to third
|
|
Batting: RHB Bobby Schimke
|
0-0: Fielders Choice at 2nd, 6-4 (Groundball, 6, EV 106.9 MPH)
|
| Bottom of the 8th over - 0 runs, 0 hits, 0 errors, 2 left on base; Cedar Rapids 4 - Greenville 3 |
| TOP OF THE 9TH |
|
Cedar Rapids Kernels batting - Pitching for Greenville Drive : LHP Kentaro Shimasaki
|
|
Batting: LHB David Campbell
|
0-0: Called Strike 0-1: Swinging Strike 0-2: Ball 1-2: SINGLE (Line Drive, 8RS, EV 111.2 MPH)
|
|
Batting: RHB Ryan Gautney
|
0-0: Ball 1-0: Ball 2-0: Ball 3-0: Called Strike 3-1: Grounds into double play, 5-4-3 (Groundball, 56, EV 98.1 MPH)
|
|
Pinch Hitting: RHB Michael McDonald
|
0-0: Ball 1-0: Ball 2-0: Ball 3-0: Base on Balls
|
|
Batting: RHB Tony Crespo
|
0-0: Ball 1-0: Swinging Strike 1-1: Called Strike 1-2: Strikes out swinging
|
| Top of the 9th over - 0 runs, 1 hit, 0 errors, 1 left on base; Cedar Rapids 4 - Greenville 3 |
| BOTTOM OF THE 9TH |
|
Greenville Drive batting - Pitching for Cedar Rapids Kernels : LHP Kevin Drew
|
|
Pitching: RHP Bruce Wight
|
|
|
Now in LF: David Nardone
|
|
|
Batting: RHB Ted Emmerich
|
0-0: Swinging Strike 0-1: SINGLE (Line Drive, 78S, EV 106.2 MPH)
|
|
Batting: LHB Nelis Geurts
|
0-0: Ball 1-0: Bunted foul 1-1: Ball 2-1: Sac Bunt to 15S - play at first, batter OUT! 1-3 Ted Emmerich to second
|
|
Batting: RHB Larry Brocato
|
0-0: Ball 1-0: Ball 2-0: Ball 3-0: Called Strike 3-1: Foul Ball, location: 2F 3-2: Foul Ball, location: 2F 3-2: Strikes out swinging
|
|
Batting: SHB Carter Cromsie
|
0-0: Foul Ball, location: 2F 0-1: Ball 1-1: Swinging Strike 1-2: Strikes out swinging
|
| Bottom of the 9th over - 0 runs, 1 hit, 0 errors, 1 left on base; Cedar Rapids 4 - Greenville 3 |
|